 Dungeon Crawl Stone Soup version 0.29.0-7-g18a832c13a (webtiles) character file.

Game seed: 9924966425518642672

109 LynnLen the Ducker (level 4, -2/22 HPs)
             Began as a Spriggan Earth Elementalist on Aug 30, 2022.
             Killed from afar by Terence (6 damage)
             ... with a puff of flame
             ... on level 2 of the Dungeon.
             The game lasted 00:08:27 (2664 turns).

LynnLen the Ducker (Spriggan Earth Elementalist)    Turns: 2664, Time: 00:08:28

Health: -2/22      AC:  2    Str:  4    XL:     4   Next: 59%
Magic:  10/10      EV: 18    Int: 18    God:
Gold:   109        SH:  0    Dex: 15    Spells: 4/10 levels left

rFire   . . .      SeeInvis +   (weapon restricted)
rCold   . . .      Faith    .   (no shield)
rNeg    . . .      Spirit   .   a - +0 robe
rPois   .          Reflect  .   (helmet restricted)
rElec   .          Harm     .   (no cloak)
rCorr   .          Rampage  .   (gloves unavailable)
Will    .....                   (boots unavailable)
Stlth   ++........              (no amulet)
HPRegen 0.07/turn               (no ring)
MPRegen 0.12/turn               (no ring)

@: very quick
A: very small, no large weapons, unfitting armour, see invisible, speed 3
a: no special abilities


You were on level 2 of the Dungeon.
You visited 1 branch of the dungeon, and saw 2 of its levels.

You collected 109 gold pieces.

Inventory:

Armour
 a - a +0 robe (worn)
Scrolls
 d - a scroll of teleportation {unknown}
 f - a scroll of blinking {unknown}
 g - a scroll of poison {unknown}
 i - a scroll of enchant weapon {unknown}
 k - a scroll of enchant armour {unknown}
 m - a scroll of torment {unknown}
 o - a scroll of identify {unknown}
Potions
 b - a potion of magic
 c - 2 potions of berserk rage {unknown}
 e - a potion of invisibility {unknown}
 h - a potion of mutation {unknown}
 j - a potion of haste {unknown}
 l - a potion of curing {unknown}
 n - a potion of degeneration {unknown}


   Skills:
 + Level 1.2 Fighting
 + Level 3.8 Dodging
 - Level 3.0 Stealth
 + Level 3.5 Spellcasting
 + Level 0.5 Conjurations
 + Level 2.4 Transmutations
 + Level 3.2 Earth Magic


You had 4 spell levels left.
You knew the following spells:

 Your Spells              Type           Power      Damage    Failure   Level
a - Sandblast             Erth           28%        2d8       4%          1
b - Passwall              Tmut/Erth      10%        N/A       8%          2
c - Stone Arrow           Conj/Erth      20%        3d8       22%         3

Your spell library contained the following spells:

 Spells                   Type           Power      Damage    Failure   Level
 Summon Guardian Golem    Hex/Summ       3%         N/A       43%         3
 Petrify                  Tmut/Erth      13%        N/A       43%         4
 Orb of Destruction       Conj           2%         9d5       100%        7
 Spellforged Servitor     Conj/Summ      2%         N/A       100%        7


Dungeon Overview and Level Annotations

Branches:
Dungeon (2/15)

Altars:

Shops:
D:2 ?

Annotations:
D:2 Terence


Innate Abilities, Weirdness & Mutations

You are very small and have problems with some larger weapons.
You are too small for most types of armour.
You have supernaturally acute eyesight. (SInv)
You cover ground extremely quickly. (Speed+++)


Message History

Magic restored.
Okay, then.
You see here a +0 flail.
Things that are here:
a +0 flail; a gnoll corpse You see here a bat corpse.
You see here a +0 flail.
You see here a +0 halberd.
You see here a +0 leather armour.
Natasha is nearby!
Okay, then.
Aiming: Sandblast (safe; 4% risk of failure)
Press: ? - help, Q - select action, (/) - cycle Shift-Dir - straight line, f - you
Okay, then.
Natasha hisses angrily.
Aiming: Sandblast (safe; 4% risk of failure)
Press: ? - help, Q - select action, (/) - cycle Shift-Dir - straight line, f - Natasha
Aim: Natasha (77% to hit)
The blast of sand hits Natasha!
Natasha is almost dead.
Aiming: Sandblast (safe; 4% risk of failure)
Press: ? - help, Q - select action, (/) - cycle Shift-Dir - straight line, f/p - Natasha
Aim: Natasha (almost dead, 77% to hit)
The blast of sand hits Natasha.
You kill Natasha!
Natasha screams in pain as she dies!
You start resting.
Magic restored.
You see here the felid corpse of Natasha.
Terence shouts!
Terence unwields a +0 falchion.
Terence wields a +0 sling.
Terence shoots a sling bullet.
The sling bullet misses you.
Terence zaps a wand.
The puff of flame hits you!
Ouch! That really hurt!
You start resting.
Terence is nearby!
Terence zaps a wand.
The puff of flame hits you!
* * * LOW HITPOINT WARNING * * *
Terence zaps a wand.
The puff of flame hits you.
You die...

####.....#
#...########.#.
#........#
#.#..........#.
###......#
#.#)#..#######.
#......#.#.#.##.# #....
#...##.#.#.#.##.# #.###
........ #.#.##.####.# #
.....##.###.#.##...##.#
#
......#..#.#.#.####....#
# #..@.#.#.# ###..# #
#..#.#.#.# #..###
#....#.#.# ##....
#....@.#.# #..##
#......#.# #>.##
#.#......# #####
#.#.##.### # #.#.##.# #
#.#.##.## #


You could see Terence.

Vanquished Creatures
  Natasha (D:2)
  4 gnolls (D:2)
  A worm (D:2)
  A dart slug (D:2)
  4 endoplasms
  A giant cockroach (D:2)
  2 goblins
  6 hobgoblins
  3 jackals (D:1)
  A quokka (D:1)
  4 ball pythons (D:1)
  5 bats
  3 frilled lizards
  4 kobolds
  3 rats
43 creatures vanquished.

Notes
Turn   | Place    | Note
-------+----------+-------------------------------------------
     0 | D:1      | LynnLen the Spriggan Earth Elementalist began the quest for
                  | the Orb.
     0 | D:1      | Reached XP level 1. HP: 9/9 MP: 5/5
   329 | D:1      | Reached XP level 2. HP: 12/14 MP: 2/6
   332 | D:1      | Learned a level 2 spell: Passwall
  1568 | D:2      | Noticed Terence
  1959 | D:2      | Reached XP level 3. HP: 17/17 MP: 6/8
  1963 | D:2      | Learned a level 3 spell: Stone Arrow
  1973 | D:2      | Noticed Natasha
  2082 | D:2      | Found Ojioxi's Magic Scroll Shoppe.
  2311 | D:2      | Reached skill level 1 in Fighting
  2460 | D:2      | Reached XP level 4. HP: 22/22 MP: 3/10
  2576 | D:2      | Killed Natasha
  2664 | D:2      | Killed from afar by Terence

Illustrated notes

Levels and vault maps discovered:
D:1:      saegor_arrival_under_anarchy, layout_basic, dreamdust_princess_bridge,
          minmay_hedge_maze, st_stairs_2, chequers_garden
D:2:      layout_basic, serial_shops, nicolae_shop_competitors_out_of_business,
          uniq_natasha, uniq_terence

Skill      XL: |  1  2  3 |
---------------+----------+-----
Dodging        | 3 |  3.8
Spellcasting   | 3 |  3.5
Earth Magic    | 3 |  3.2
Fighting       | 1 |  1.2
Transmutations | 2 |  2.4
Stealth        | |  3.0
Conjurations   | |  0.5

Action                   |  1- 3 |  4- 6 || total
-------------------------+-------+-------++-------
Melee: Unarmed           |     7 |       ||     7
       Punch             |     1 |       ||     1
 Cast: Sandblast         |    72 |     3 ||    75
       Passwall          |     1 |       ||     1
 Stab: Sleeping          |     1 |       ||     1
Armor: Robe              |     7 |       ||     7
Dodge: Dodged            |    30 |     1 ||    31
